 Dungeon Crawl Stone Soup version 0.28-a0-224-g76b539d98b (webtiles) character file.

Game seed: 11995771382419211387

142 timneilson the Shield-Bearer (level 5, -5/49 HPs)
             Began as a Gargoyle Fighter on Aug 21, 2021.
             Killed from afar by an orc wizard (8 damage)
             ... with a puff of flame
             ... on level 3 of the Dungeon.
             The game lasted 00:03:54 (2790 turns).

timneilson the Shield-Bearer (Gargoyle Fighter)     Turns: 2790, Time: 00:03:55

Health: -5/49      AC: 22    Str: 21    XL:     5   Next: 24%
Magic:  5/5        EV:  2    Int:  8    God:
Gold:   24         SH:  8    Dex:  9    Spells: 4/4 levels left

rFire   . . .      SeeInvis .   a - +0 long sword
rCold   . . .      Faith    .   c - +0 kite shield
rNeg    + + +      Spirit   .   (armour currently unavailable)
rPois   ∞          Reflect  .   (helmet currently unavailable)
rElec   .          Harm     .   (cloak currently unavailable)
rCorr   .          Rampage  .   (gloves currently unavailable)
Will    .....      NoTele   +   (boots currently unavailable)
Stlth   +.........              (no amulet)
HPRegen 0.16/turn               (no ring)
MPRegen 0.09/turn               (no ring)

@: tree-form, hasted, very quick
A: stationary, stasis, torment immunity, boosted hp, sickness immunity, AC +4,
negative energy resistance 1, (electricity resistance), torment resistance 1,
petrification resistance
a: no special abilities


You were on level 3 of the Dungeon.
You were a tree.
You visited 1 branch of the dungeon, and saw 3 of its levels.

You collected 24 gold pieces.

Inventory:

Hand Weapons
 a - a +0 long sword (weapon)
Armour
 b - a +0 scale mail (melded)
 c - a +0 kite shield (worn)
 j - a +0 helmet (melded)
Jewellery
 l - a ring of flight
Wands
 i - a wand of digging (6)
Scrolls
 h - a scroll of identify
Potions
 d - a potion of lignification


   Skills:
 + Level 3.7 Fighting
 * Level 2.8 Long Blades
 * Level 4.3 Armour
 * Level 4.4 Shields
 + Level 0.5 Evocations


You had 4 spell levels left.
You didn't know any spells.
Your spell library was empty.

Dungeon Overview and Level Annotations

Branches:
Dungeon (3/15)

Altars:
The Shining One

Shops:
D:2 =


Innate Abilities, Weirdness & Mutations

You are a tree.
Your roots penetrate the ground, keeping you stationary.
You cannot be teleported.
You are immune to unholy pain and torment.
Your maximum health is greatly increased.
Your equipment is partially melded.
You are immune to sickness and miasma.
((Your stone body is resilient. (AC +4)))
You are immune to poison.
You resist negative energy. (rN+)
((You are resistant to electric shocks. (rElec)))
You are resistant to unholy torment.
You are immune to petrification.


Message History

You cannot move.
Unknown command.
You closely miss something.
Something hits you but does no damage. x2
You miss something. Something hits you but does no damage.
You hit something. You barely miss something.
Something hits you but does no damage.
You miss something.
You hear some strange, mumbled words.
A puff of flame appears from out of thin air!
The puff of flame hits you!
* * * LOW HITPOINT WARNING * * *
You miss something.
You hear some strange, mumbled words.
A magic dart appears from out of thin air!
The magic dart hits you but does no damage.
You miss something. Something hits you but does no damage.
You miss something. Something hits you but does no damage.
You miss something. You block something's attack.
You miss something. Something hits you but does no damage.
You completely miss something. Something hits you but does no damage.
You miss something.
You hear some strange, mumbled words.
Something tries to affect you, but you resist.
You slash something!
Reactivating autopickup.
You feel a bit more experienced. Something is attracted toward you.
The orc is attracted toward you.
You hit the kobold.
The kobold is severely wounded.
The kobold hits you but does no damage.
You hit the kobold.
You kill the kobold!
The killer bee zombie is attracted toward you.
You feel less attractive to monsters.
Deactivating autopickup; reactivate with Ctrl-A.
You hit something.
You hear some strange, mumbled words.
A puff of flame appears from out of thin air!
The puff of flame hits you!
You die...

###.......#.#.......##.
..........#.........†.. ..
####....#..#.........†.. ...
.(......................
....###########.#.#.............
........# #.#...............
♣......##### #.##.#............
............###.##.#.....)......
....###....§Zo{♣##..............
... ##....########........ .
#$...# #...##### #....# #....#
......# .......# #####'#.


You could see an orc and a killer bee zombie.

Vanquished Creatures
  A jelly (D:2)
  An orc wizard (D:3)
  2 adders (D:2)
  2 worms
  3 dart slugs
  An orc (D:3)
  6 bats
  4 endoplasms
  2 giant cockroaches (D:2)
  5 goblins
  A hobgoblin (D:1)
  3 jackals (D:1)
  6 quokkas
  5 ball pythons
  3 frilled lizards (D:2)
  7 kobolds
  2 rats
54 creatures vanquished.

Notes
Turn   | Place    | Note
-------+----------+-------------------------------------------
     0 | D:1      | timneilson the Gargoyle Fighter began the quest for the
                  | Orb.
     0 | D:1      | Reached XP level 1. HP: 14/14 MP: 1/1
   157 | D:1      | Reached XP level 2. HP: 14/19 MP: 2/2
   800 | D:1      | Found a faded altar of an unknown god.
  1201 | D:1      | Reached XP level 3. HP: 23/23 MP: 3/3
  1834 | D:2      | Found a glowing golden altar of the Shining One.
  1835 | D:2      | Found Cudomir's Jewellery Shoppe.
  1858 | D:2      | Reached XP level 4. HP: 21/28 MP: 4/4
  2741 | D:3      | Reached XP level 5. HP: 27/33 MP: 5/5
  2779 | D:3      | HP: 2/49 [something/puff of flame (9)]
  2790 | D:3      | Killed from afar by an orc wizard

Illustrated notes

Levels and vault maps discovered:
D:1:      minmay_arrival_four_houses, layout_basic,
          shapermc_ecumenical_altar_petra
D:2:      layout_basic, serial_shops, shop, basic_altar
D:3:      layout_basic, mainiacjoe_overflow_cross_hatched,
          nicolae_overflow_hidden_temple, grunt_ministairs_6, roderic_lattice_a

Skill      XL: |  1  2  3  4 |
---------------+-------------+-----
Long Blades    | 2 |  2.8
Shields        | 4 |  4.4
Armour         | 4 |  4.3
Fighting       | |  3.7
Evocations     | |  0.5

Action                   |  1- 3 |  4- 6 || total
-------------------------+-------+-------++-------
Melee: Long sword        |   121 |   118 ||   239
  Use: Potion            |       |     6 ||     6
       Scroll            |       |     2 ||     2
Armor: Scale mail        |    80 |    74 ||   154
       Skin              |       |    10 ||    10
Dodge: Dodged            |    49 |    29 ||    78
Block: Kite shield       |    63 |    44 ||   107
       Rpst.: Long sword |    17 |     7 ||    24

Table legend: (Time is in decaauts)
 A = Elapsed time spent in this place.
 B = Non-inter-level travel time spent in this place.
 C = Inter-level travel time spent in this place.
 D = Time resting spent in this place.
 E = Time spent auto-exploring this place.
 F = Levels seen in this place.
 G = Mean time per level.
                   A        B        C        D        E       F      G
               +--------+--------+--------+--------+--------+-----+--------+
         Total |   2898 |   2847 |     51 |      0 |   2283 |   3 |  966.0 |
       Dungeon |   2898 |   2847 |     51 |      0 |   2283 |   3 |  966.0 |
               +--------+--------+--------+--------+--------+-----+--------+

Top non-repeatable levels by time:
     D:1: 1408 daAuts
     D:2: 1105 daAuts
     D:3: 385 daAuts
